NCAA
PROVIDENCE FRIARS @ MISSOURI TIGERS
05/06/2028
 
TOP OF THE 1ST
Providence Friars batting - Pitching for Missouri Tigers : RHP Dave Hayes
Pitching: RHP Dave Hayes
Batting: LHB Brian Easdale 0-0: Ball
1-0: Ball
2-0: TRIPLE (Line Drive, 9LM)
Batting: SHB Esteban Aliaga 0-0: Called Strike
0-1: Swinging Strike
0-2: Ball
1-2: Ball
2-2: SINGLE (Flyball, 8LS)
Brian Easdale scores
Batting: LHB Javier Morales 0-0: Called Strike
0-1: Ball
1-1: Ball
2-1: Foul Ball, location: 2F
2-2: Foul Ball, location: 2F
2-2: Ball
3-2: SINGLE (Groundball, 34S) (infield hit)
Esteban Aliaga to second
Batting: RHB Miguel Sánchez 0-0: Ball
1-0: Called Strike
1-1: Called Strike
1-2: Ball
2-2: Ball
3-2: Foul Ball, location: 2F
3-2: Base on Balls
Esteban Aliaga to third
Javier Morales to second
Batting: RHB Nick Louviere 0-0: Called Strike
0-1: Fly out, F7 (Line Drive, 7S)
Runner from 3rd tags up, SCORES, no throw
Batting: RHB Marcus Pittman 0-0: Ball
1-0: Swinging Strike
1-1: Foul Ball, location: 2F
1-2: SINGLE (Groundball, 6MD)
Javier Morales to third
Miguel Sánchez to second
Runner from 3rd tries for Home, SAFE, throw made home
Batting: SHB Will Davies 0-0: Fly out, F9 (Line Drive, 9)
Batting: RHB Gustavo Todd 0-0: Ball
1-0: Foul Ball, location: 2F
1-1: Called Strike
1-2: SINGLE (Line Drive, 8LS)
Miguel Sánchez to third
Marcus Pittman to second
Runner from 3rd tries for Home, SAFE, no throw
Batting: RHB Roger Tucker 0-0: Swinging Strike
0-1: Fly out, F3 (Popup, 3L)
Top of the 1st over - 4 run(s), 5 hit(s), 0 error(s), 2 left on base; Providence 4 - Missouri 0
BOTTOM OF THE 1ST
Missouri Tigers batting - Pitching for Providence Friars : LHP Joe Jewell
Pitching: LHP Joe Jewell
Batting: LHB Joe Hanson 0-0: Fly out, F9 (Flyball, 89M)
Batting: SHB David Castaneda 0-0: Ball
1-0: Swinging Strike
1-1: Ball
2-1: Foul Ball, location: 2F
2-2: Ball
3-2: Foul Ball, location: 2F
3-2: Fly out, F9 (Flyball, 9LS)
Batting: RHB Wesley Fuller Error on foul ball, E5
0-1: Ball
1-1: Ball
2-1: Ball
3-1: Foul Ball, location: 2F
3-2: Base on Balls
Batting: RHB Beau McNeill 0-0: Ball
1-0: Called Strike
1-1: Ball
2-1: Ball
3-1: DOUBLE (Flyball, 9)
Wesley Fuller to third
Batting: SHB Jim Flynn 0-0: Ball
1-0: Ball
2-0: Ball
3-0: Called Strike
3-1: Base on Balls
Batting: LHB Joe Lowery 0-0: Ball
1-0: Ball
2-0: Called Strike
2-1: Foul Ball, location: 2F
2-2: Foul Ball, location: 2F
2-2: Foul Ball, location: 2F
2-2: Foul Ball, location: 2F
2-2: Foul Ball, location: 2F
2-2: Ball
3-2: Ground out 6-3 (Groundball, 6M)
Bottom of the 1st over - 0 run(s), 1 hit(s), 1 error(s), 3 left on base; Providence 4 - Missouri 0
TOP OF THE 2ND
Providence Friars batting - Pitching for Missouri Tigers : RHP Dave Hayes
Batting: LHB Brian Easdale 0-0: Foul Ball, location: 2F
0-1: SINGLE (Flyball, 89S)
Batting: SHB Esteban Aliaga 0-0: Called Strike
0-1: TRIPLE (Line Drive, 89D)
Brian Easdale scores
Batting: LHB Javier Morales 0-0: Ball
1-0: Ball
2-0: Ball
3-0: Called Strike
3-1: Ground out 1-3 (Groundball, 13S)
Batting: RHB Miguel Sánchez 0-0: Foul Ball, location: 2F
0-1: Ball
1-1: Swinging Strike
1-2: Ball
2-2: Strikes out looking
Batting: RHB Nick Louviere 0-0: Called Strike
0-1: Called Strike
0-2: Ball
1-2: Foul Ball, location: 2F
1-2: Foul Ball, location: 2F
1-2: Strikes out swinging
Top of the 2nd over - 1 run(s), 2 hit(s), 0 error(s), 1 left on base; Providence 5 - Missouri 0
BOTTOM OF THE 2ND
Missouri Tigers batting - Pitching for Providence Friars : LHP Joe Jewell
Batting: LHB Paul Starr 0-0: Called Strike
0-1: Ball
1-1: Called Strike
1-2: Strikes out swinging, 2-3 out at first.
Batting: RHB Jack Robinson 0-0: Ball
1-0: Ground out 5-3 (Groundball, 56)
Batting: RHB Broderick Banks 0-0: Ball
1-0: Foul Ball, location: 2F
1-1: Fly out, F4 (Line Drive, 4M)
Bottom of the 2nd over - 0 run(s), 0 hit(s), 0 error(s), 0 left on base; Providence 5 - Missouri 0
TOP OF THE 3RD
Providence Friars batting - Pitching for Missouri Tigers : RHP Dave Hayes
Batting: RHB Marcus Pittman 0-0: Foul Ball, location: 2F
0-1: Ball
1-1: Ball
2-1: Ground out 6-3 (Groundball, 6)
Batting: SHB Will Davies 0-0: Called Strike
0-1: Foul Ball, location: 2F
0-2: Ball
1-2: Strikes out swinging
Batting: RHB Gustavo Todd 0-0: Ball
1-0: Ball
2-0: Called Strike
2-1: Ground out 5-3 (Groundball, 56S)
Top of the 3rd over - 0 run(s), 0 hit(s), 0 error(s), 0 left on base; Providence 5 - Missouri 0
BOTTOM OF THE 3RD
Missouri Tigers batting - Pitching for Providence Friars : LHP Joe Jewell
Batting: LHB Joe Hanson 0-0: Foul Ball, location: 2F
0-1: Ball
1-1: Swinging Strike
1-2: Foul Ball, location: 2F
1-2: Strikes out swinging
Batting: SHB David Castaneda 0-0: Called Strike
0-1: Ball
1-1: Called Strike
1-2: SINGLE (Flyball, 8LS)
Batting: RHB Wesley Fuller 0-0: Ball
1-0: Swinging Strike
1-1: Foul Ball, location: 2F
1-2: Strikes out swinging
Batting: RHB Beau McNeill 0-0: Ball
1-0: Foul Ball, location: 2F
1-1: Foul Ball, location: 2F
1-2: Foul Ball, location: 2F
1-2: SINGLE (Groundball, 34D)
David Castaneda to second
David Castaneda to third
Batting: SHB Jim Flynn 0-0: SINGLE (Line Drive, 4MD)
David Castaneda scores
Beau McNeill to second
Batting: LHB Joe Lowery 0-0: Foul Ball, location: 2F
0-1: Foul Ball, location: 2F
0-2: Ball
1-2: Ball
2-2: Foul Ball, location: 2F
2-2: Ball
3-2: Fly out, F9 (Flyball, 89S)
Bottom of the 3rd over - 1 run(s), 3 hit(s), 0 error(s), 2 left on base; Providence 5 - Missouri 1
TOP OF THE 4TH
Providence Friars batting - Pitching for Missouri Tigers : RHP Dave Hayes
Batting: RHB Roger Tucker 0-0: Ball
1-0: Ball
2-0: Ball
3-0: Called Strike
3-1: SOLO HOME RUN (Flyball, 9LD), Distance : 312 ft
Pitching: RHP Paul Young
Batting: LHB Brian Easdale 0-0: Ball
1-0: Called Strike
1-1: Ball
2-1: Ball
3-1: Fly out, F8 (Flyball, 8LM)
Batting: SHB Esteban Aliaga 0-0: Fly out, F7 (Flyball, 7)
Batting: LHB Javier Morales 0-0: Ball
1-0: Ground out 4-3 (Groundball, 34D)
Top of the 4th over - 1 run(s), 1 hit(s), 0 error(s), 0 left on base; Providence 6 - Missouri 1
BOTTOM OF THE 4TH
Missouri Tigers batting - Pitching for Providence Friars : LHP Joe Jewell
Batting: LHB Paul Starr 0-0: Ball
1-0: Called Strike
1-1: Ball
2-1: Ball
3-1: Base on Balls
Batting: RHB Jack Robinson 0-0: Ball
1-0: Grounds into double play, 5-4-3 (Groundball, 5)
Batting: RHB Broderick Banks 0-0: Called Strike
0-1: Foul Ball, location: 2F
0-2: Ball
1-2: Strikes out swinging
Bottom of the 4th over - 0 run(s), 0 hit(s), 0 error(s), 0 left on base; Providence 6 - Missouri 1
TOP OF THE 5TH
Providence Friars batting - Pitching for Missouri Tigers : RHP Paul Young
Now at 2B: Harvey Willis
Batting: RHB Miguel Sánchez 0-0: Fly out, F8 (Line Drive, 8RD)
Batting: RHB Nick Louviere 0-0: Called Strike
0-1: Ball
1-1: Ball
2-1: Ball
3-1: Swinging Strike
3-2: SINGLE (Line Drive, 7S)
Batting: RHB Marcus Pittman 0-0: Ball
1-0: Ball
2-0: Called Strike
2-1: Grounds into double play, 4-6-3 (Groundball, 4)
Top of the 5th over - 0 run(s), 1 hit(s), 0 error(s), 0 left on base; Providence 6 - Missouri 1
BOTTOM OF THE 5TH
Missouri Tigers batting - Pitching for Providence Friars : LHP Joe Jewell
Pitching: RHP Kevin Richardson
Batting: LHB Joe Hanson 0-0: Ball
1-0: Foul Ball, location: 2F
1-1: Fly out, F9 (Flyball, 9)
Batting: SHB David Castaneda 0-0: Ball
1-0: Ball
2-0: Called Strike
2-1: Ground out 4-3 (Groundball, 4D)
Batting: RHB Wesley Fuller 0-0: Ball
1-0: Fly out, F6 (Line Drive, 6)
Bottom of the 5th over - 0 run(s), 0 hit(s), 0 error(s), 0 left on base; Providence 6 - Missouri 1
TOP OF THE 6TH
Providence Friars batting - Pitching for Missouri Tigers : RHP Paul Young
Batting: SHB Will Davies 0-0: Called Strike
0-1: Ball
1-1: Ground out 4-3 (Groundball, 4S)
Batting: RHB Gustavo Todd 0-0: Called Strike
0-1: Ball
1-1: Ground out 5-3 (Groundball, 56S)
Batting: RHB Roger Tucker 0-0: Swinging Strike
0-1: Called Strike
0-2: Foul Ball, location: 2F
0-2: Foul Ball, location: 2F
0-2: Ball
1-2: Strikes out swinging
Top of the 6th over - 0 run(s), 0 hit(s), 0 error(s), 0 left on base; Providence 6 - Missouri 1
BOTTOM OF THE 6TH
Missouri Tigers batting - Pitching for Providence Friars : RHP Kevin Richardson
Batting: RHB Harvey Willis 0-0: Fly out, F8 (Flyball, 8RM)
Batting: SHB Jim Flynn 0-0: Ground out U3 (Groundball, 34)
Batting: LHB Joe Lowery 0-0: Ball
1-0: Ball
2-0: Ball
3-0: Called Strike
3-1: Called Strike
3-2: Base on Balls
Batting: LHB Paul Starr 0-0: Ball
1-0: Called Strike
1-1: Ball
2-1: Foul Ball, location: 2F
2-2: Strikes out looking
Bottom of the 6th over - 0 run(s), 0 hit(s), 0 error(s), 1 left on base; Providence 6 - Missouri 1
TOP OF THE 7TH
Providence Friars batting - Pitching for Missouri Tigers : RHP Paul Young
Batting: LHB Brian Easdale 0-0: Ball
1-0: Ball
2-0: Ball
3-0: Base on Balls
Batting: SHB Esteban Aliaga 0-0: SINGLE (Groundball, 6MD)
Brian Easdale to second
Batting: LHB Javier Morales 0-0: Ball
1-0: Called Strike
1-1: Ball
2-1: Ball
3-1: Base on Balls
Brian Easdale to third
Esteban Aliaga to second
Batting: RHB Miguel Sánchez 0-0: Foul Ball, location: 2F
0-1: Foul Ball, location: 2F
0-2: Ball
1-2: Foul Ball, location: 2F
1-2: Strikes out swinging
Batting: RHB Nick Louviere 0-0: Ball
1-0: Ball
2-0: Foul Ball, location: 2F
2-1: Foul Ball, location: 2F
2-2: Foul Ball, location: 2F
2-2: Ball
3-2: Strikes out swinging
Batting: RHB Marcus Pittman 0-0: Ball
1-0: Foul Ball, location: 2F
1-1: Ball
2-1: Foul Ball, location: 2F
2-2: Strikes out swinging
Top of the 7th over - 0 run(s), 1 hit(s), 0 error(s), 3 left on base; Providence 6 - Missouri 1
BOTTOM OF THE 7TH
Missouri Tigers batting - Pitching for Providence Friars : RHP Kevin Richardson
Batting: RHB Jack Robinson 0-0: Ball
1-0: Foul Ball, location: 2F
1-1: Foul Ball, location: 2F
1-2: Ball
2-2: Ball
3-2: Ground out 1-3 (Groundball, P)
Batting: RHB Broderick Banks 0-0: Ball
1-0: Ground out 5-3 (Groundball, 56)
Batting: LHB Joe Hanson 0-0: Foul Ball, location: 2F
0-1: Hit by Pitch
Batting: SHB David Castaneda 0-0: Ball
1-0: Fly out, F7 (Flyball, 7LMF)
Bottom of the 7th over - 0 run(s), 0 hit(s), 0 error(s), 1 left on base; Providence 6 - Missouri 1
TOP OF THE 8TH
Providence Friars batting - Pitching for Missouri Tigers : RHP Paul Young
Pitching: LHP Alfonso Cardenas
Batting: SHB Will Davies 0-0: Ball
1-0: Foul Ball, location: 2F
1-1: Called Strike
1-2: Foul Ball, location: 2F
1-2: Strikes out swinging
Batting: RHB Gustavo Todd 0-0: Ball
1-0: Called Strike
1-1: Ground out 4-3 (Groundball, 4)
Batting: RHB Roger Tucker 0-0: Called Strike
0-1: Swinging Strike
0-2: Ball
1-2: Strikes out swinging
Top of the 8th over - 0 run(s), 0 hit(s), 0 error(s), 0 left on base; Providence 6 - Missouri 1
BOTTOM OF THE 8TH
Missouri Tigers batting - Pitching for Providence Friars : RHP Kevin Richardson
Now at C: Daniel Riddle
Batting: RHB Wesley Fuller 0-0: Ball
1-0: Ball
2-0: Ball
3-0: Called Strike
3-1: Base on Balls
Batting: RHB Harvey Willis 0-0: Ball
1-0: Ball
2-0: DOUBLE (Flyball, 78D)
Wesley Fuller to third
Runner from 3rd tries for Home, throw and OUT!
Harvey Willis to third
Batting: SHB Jim Flynn 0-0: Foul Ball, location: 2F
0-1: Swinging Strike
0-2: Ball
1-2: Strikes out swinging
Batting: LHB Joe Lowery 0-0: Ball
1-0: Foul Ball, location: 2F
1-1: Swinging Strike
1-2: Foul Ball, location: 2F
1-2: Ball
2-2: Ground out 6-3 (Groundball, 6)
Bottom of the 8th over - 0 run(s), 1 hit(s), 0 error(s), 1 left on base; Providence 6 - Missouri 1
TOP OF THE 9TH
Providence Friars batting - Pitching for Missouri Tigers : LHP Alfonso Cardenas
Batting: LHB Brian Easdale 0-0: Called Strike
0-1: Called Strike
0-2: Ball
1-2: Reached on error, E4 (Groundball, 4)
Batting: SHB Esteban Aliaga 0-0: Swinging Strike
0-1: Ball
1-1: Ball
2-1: Ball
3-1: Fly out, F4 (Line Drive, 4)
Batting: LHB Javier Morales 0-0: Swinging Strike
0-1: Fly out, F9 (Flyball, 89M)
Batting: RHB Miguel Sánchez 0-0: Ball
1-0: Called Strike
1-1: Foul Ball, location: 2F
1-2: Ball
Brian Easdale steals 2nd base
2-2: Foul Ball, location: 2F
2-2: Ball
3-2: Fly out, F9 (Flyball, 9S)
Top of the 9th over - 0 run(s), 0 hit(s), 1 error(s), 1 left on base; Providence 6 - Missouri 1
BOTTOM OF THE 9TH
Missouri Tigers batting - Pitching for Providence Friars : RHP Kevin Richardson
Batting: LHB Paul Starr 0-0: Swinging Strike
0-1: Foul Ball, location: 2F
0-2: Ball
1-2: Strikes out swinging
Pitching: LHP Richard Morgan
Batting: RHB Jack Robinson 0-0: Ball
1-0: Ball
2-0: Called Strike
2-1: Foul Ball, location: 2F
2-2: Ground out 6-3 (Groundball, 6)
Batting: RHB Broderick Banks 0-0: Called Strike
0-1: Called Strike
0-2: Ball
1-2: Ball
2-2: SOLO HOME RUN (Flyball, 7D), Distance : 355 ft
Batting: LHB Joe Hanson 0-0: Swinging Strike
0-1: Ball
1-1: Swinging Strike
1-2: Foul Ball, location: 2F
1-2: Strikes out swinging
Bottom of the 9th over - 1 run(s), 1 hit(s), 0 error(s), 0 left on base; Providence 6 - Missouri 2
Tuesday, August 8th, 2017 - OOTP Baseball 17.12 Build 75